AoeStats
← scabern0

Arena

507126023Analyzed
1v1 RM · 16d ago on Sep 16, 2026· 29m 54s· 2 players
Game mode
Random Map
Map size
Tiny (2 player)
Population
200
Speed
Normal
Resources
Standard
Victory
Conquest
Starting age
Dark Age
Ending age
Imperial Age
RankedLock teamsTeams togetherTeam positionsShared explorationLock speedFull tech treeHidden civsTurbo modeCheats
Victory
Defeat
🇦🇷 Byzantines · Argentina
950
+16
🇹🇷 Huns · Türkiye
945
-46
scabern0
11:42 Feudal Age
12:31 Double-Bit Axe
12:39 Horse Collar
14:53 Wheelbarrow
14:04 Town Watch
16:44 Loom
21:13 Castle Age
19:31 Gold Mining
20:03 Fletching
21:56 Heavy Plow
22:36 Gold Shaft Mining
24:31 Bow Saw
25:14 Hand Cart
25:20 Squires
25:06 Arson
26:23 Loom
26:16 Pikeman
29:59 Ballistics
nacho
9:41 Loom
11:53 Feudal Age
16:50 Castle Age
14:55 Double-Bit Axe
15:09 Horse Collar
16:34 Gold Mining
18:26 Bow Saw
19:34 Wheelbarrow
20:37 Heavy Plow
26:59 Imperial Age
25:18 Stone Mining
25:25 Fletching
25:46 Forging
26:21 Ballistics
28:00 Gold Shaft Mining
28:43 Chemistry
28:10 Conscription
27:18 Elite Skirmisher
28:31 Husbandry
30:11 Hand Cart
Connection lost

Rejoining the realm…

Still unreachable

The connection could not be restored.

Session expired

The server has moved on; the page needs a fresh start.